AoeStats
← weefimonster

Arena

510276477Analyzed
4v4 RM · 2d ago on Sep 30, 2026· 43m 22s· 8 players
Game mode
Random Map
Map size
Large (8 player)
Population
200
Speed
Normal
Resources
Standard
Victory
Conquest
Starting age
Dark Age
Ending age
Imperial Age
RankedLock teamsTeams togetherTeam positionsShared explorationLock speedFull tech treeHidden civsTurbo modeCheats
Victory
Defeat
🇨🇦 Wei · Canada
724
+12
🇺🇸 Armenians · United States
704
+13
🇲🇽 Saxons · Mexico
700
+13
🇦🇷 Poles · Argentina
671
+15
🇩🇪 Franks · Germany
674
-14
🇩🇰 Vietnamese · Denmark
645
-26
🇬🇧 Malay · United Kingdom
639
-13
🇷🇺 Huns · Russia
596
-12
Bear
8:56 Loom
11:36 Feudal Age
12:06 Double-Bit Axe
12:06 Horse Collar
14:10 Wheelbarrow
20:06 Castle Age
18:10 Gold Mining
21:08 Bow Saw
21:03 Heavy Plow
20:58 Stone Mining
25:55 Stone Shaft Mining
29:45 Hand Cart
36:31 Imperial Age
35:32 Forging
35:23 Scale Mail Armor
35:24 Padded Archer Armor
35:15 Fletching
35:35 Thumb Ring
34:51 Elite Skirmisher
35:35 Squires
34:56 Pikeman
36:06 Murder Holes
36:33 Ballistics
37:29 Iron Casting
37:10 Chain Mail Armor
38:17 Two-Man Saw
37:51 Crop Rotation
37:48 Paper Money
36:50 Elite Rattan Archer
36:59 Halberdier
37:03 Imperial Skirmisher
38:04 Leather Archer Armor
37:59 Siege Engineers
38:55 Chemistry
Buddy
0:29 Loom
12:01 Feudal Age
16:14 Stone Mining
16:13 Double-Bit Axe
19:34 Castle Age
30:24 Imperial Age
28:59 Wheelbarrow
32:11 Chemistry
31:26 Husbandry
33:01 Hand Cart
34:35 Cavalier
Fxzion
15:46 Feudal Age
20:15 Castle Age
23:40 Husbandry
23:51 Double-Bit Axe
23:50 Horse Collar
26:41 Scale Barding Armor
31:21 Forging
33:57 Iron Casting
34:55 Stone Mining
35:40 Man-at-Arms
36:22 Squires
36:07 Arson
36:29 Heavy Plow
36:42 Bow Saw
Waytrel
12:31 Feudal Age
13:50 Wheelbarrow
28:48 Gold Mining
28:50 Stone Mining
29:51 Scale Barding Armor
29:58 Forging
30:01 Horse Collar
33:26 Castle Age
31:44 Double-Bit Axe
34:13 Bloodlines
35:18 Hand Cart
35:50 Chain Barding Armor
36:05 Iron Casting
35:41 Caravan
36:12 Coinage
36:54 Gold Shaft Mining
37:23 Heavy Plow
38:14 Husbandry
40:01 Bow Saw
40:04 Marauders
44:00 Imperial Age
ostiinn
0:30 Loom
12:32 Feudal Age
16:32 Castle Age
14:36 Horse Collar
16:16 Double-Bit Axe
16:27 Gold Mining
18:05 Bow Saw
17:59 Heavy Plow
18:43 Wheelbarrow
26:57 Pikeman
28:17 Fletching
28:56 Scale Mail Armor
32:27 Forging
32:32 Chain Mail Armor
37:34 Imperial Age
35:27 Squires
38:18 Iron Casting
38:14 Capped Ram
39:16 Siege Ram
39:50 Elite Hearth Troop
41:21 Conscription
41:37 Shield Wall
weefimonster
10:51 Feudal Age
16:12 Castle Age
14:32 Horse Collar
16:04 Double-Bit Axe
17:09 Light Cavalry
19:09 Heavy Plow
19:56 Husbandry
20:29 Stone Mining
22:22 Forging
22:24 Loom
23:18 Wheelbarrow
23:30 Scale Barding Armor
25:20 Iron Casting
25:36 Town Watch
26:52 Chain Barding Armor
28:05 Stone Shaft Mining
27:21 Gold Mining
27:50 Hand Cart
28:02 Fletching
28:31 Fortified Wall
28:53 Bodkin Arrow
32:47 Imperial Age
30:59 Tuntian
31:24 Scale Mail Armor
30:47 Pikeman
33:18 Heavy Hei Guang Cavalry
34:10 Bloodlines
34:07 Bracer
35:10 Blast Furnace
35:13 Chemistry
34:34 Ballistics
34:11 Murder Holes
34:25 Halberdier
36:16 Conscription
37:07 Blast Furnace
38:05 Ming Guang Armor
38:18 Hoardings
38:00 Masonry
37:31 Treadmill Crane
38:06 Elite Tiger Cavalry
39:19 Chain Mail Armor
39:37 Caravan
39:57 Squires
39:44 Arson
40:06 Padded Archer Armor
41:16 Thumb Ring
41:38 Parthian Tactics
41:31 Leather Archer Armor
Smurfm4n87
0:44 Loom
14:45 Feudal Age
15:45 Horse Collar
15:55 Double-Bit Axe
16:01 Gold Mining
21:24 Castle Age
19:45 Forging
19:36 Scale Mail Armor
19:38 Padded Archer Armor
21:05 Fletching
21:14 Stone Mining
22:09 Wheelbarrow
22:29 Bodkin Arrow
23:10 Iron Casting
24:15 Chain Mail Armor
24:50 Leather Archer Armor
25:47 Hand Cart
26:44 Caravan
29:11 Sanctity
28:17 Man-at-Arms
28:58 Squires
31:24 Redemption
32:46 Town Watch
33:19 Bow Saw
33:45 Gold Shaft Mining
32:55 Long Swordsman
32:59 Pikeman
33:25 Gambesons
33:26 Arson
34:03 Fervor
33:44 Two-Handed Swordsman
37:25 Imperial Age
35:32 Town Patrol
35:53 Heavy Plow
36:21 Ballistics
38:36 Fereters
39:38 Chemistry
38:49 Fortified Wall
38:35 Murder Holes
39:17 Block Printing
39:30 Illumination
39:42 Theocracy
39:10 Devotion
39:11 Capped Ram
41:14 Blast Furnace
41:12 Plate Mail Armor
41:31 Champion
小丁给你一电炮
0:51 Loom
16:47 Feudal Age
19:33 Double-Bit Axe
22:01 Castle Age
19:54 Gold Mining
19:50 Horse Collar
20:15 Stone Mining
20:57 Bloodlines
22:01 Forging
23:43 Heavy Plow
23:57 Bow Saw
25:48 Wheelbarrow
28:56 Hand Cart
29:00 Husbandry
29:52 Szlachta Privileges
32:43 Imperial Age
31:39 Scale Barding Armor
32:10 Iron Casting
32:04 Szlachta Privileges
32:11 Treadmill Crane
32:51 Murder Holes
34:04 Chain Barding Armor
33:18 Cavalier
34:47 Conscription
39:28 Crop Rotation
40:00 Blast Furnace
40:01 Ballistics
40:41 Chemistry
Connection lost

Rejoining the realm…

Still unreachable

The connection could not be restored.

Session expired

The server has moved on; the page needs a fresh start.